 Dungeon Crawl Stone Soup version 0.31-a0-364-gb59cdcccf2 (webtiles) character file.

Game seed: 1697062885651137966

417527 Flugkiller the Brawler (level 22, -3/216 HPs)
             Began as a Naga Shapeshifter on July 27, 2023.
             Was the Champion of Ru.
             Killed from afar by a balrug (42 damage)
             ... with a bolt of fire
             ... on level 4 of the Abyss.
             The game lasted 01:31:20 (55944 turns).

Flugkiller the Brawler (Naga Shapeshifter)         Turns: 55944, Time: 01:31:21

Health: -3/216     AC: 28    Str: 26    XL:     22   Next: 64%
Magic:  22/22      EV:  5    Int: 16    God:    Ru [******]
Gold:   929        SH: 24    Dex: 11    Spells: 21/21 levels left

rFire   . .          .
                       - Unarmed
rCold   + . .        J - +8 tower shield
rNeg    . . .        T - melded +6 troll leather armour of the Iron City of Dis {rF+ Regen+ Str-3 Dex+6 Stlth-}
rPois   +            U - +2 helmet {Int+3}
rElec   +            C - +2 cloak {rCorr}
rCorr   +            L - +2 pair of gloves {Stlth+}
SInv    +            Z - +1 barding
Will    ++...        K - amulet of the acrobat Stlth
                     p - ring of protection from cold
HPRegen 0.56/turn    m - ring of Somacw {+Blink rElec AC+4 Int+3}
MPRegen 0.18/turn

%: acrobat
@: maw-form, silenced (expiring), very slow
A: devouring maw, AC +7, large, see invisible, deformed body, poison resistance,
slowness 2, spit poison 1, no stealth, hated by all, inability to train dodging,
unskilled 1, inexperienced 1, naga tail 2, claws 1, weak 1, subdued magic 1
}: 2/15 runes: decaying, gossamer
a: Spit Poison, Begin Untransformation, Renounce Religion, Evoke Blink


You were on level 4 of the Abyss.
You worshipped Ru.
Ru was exalted by your worship.
You were a creature with a mouth for a stomach.
You visited 7 branches of the dungeon, and saw 38 of its levels.
You visited the Abyss 2 times.
You visited 1 bazaar.
You also visited: Ossuary.

You collected 5278 gold pieces.
You spent 4349 gold pieces at shops.

Inventory:

Missiles
 x - a throwing net
 S - 9 curare-tipped darts
 V - 24 boomerangs (quivered)
Armour
 C - a +2 cloak of preservation (worn)
   (You took it off Maurice on level 9 of the Dungeon)
 J - a +8 tower shield (worn)
   (You took it off Mennas on level 3 of the Vaults)
 L - a +2 pair of gloves of stealth (worn)
   (You found it on level 1 of the Lair of Beasts)
 T - the +6 troll leather armour of the Iron City of Dis (melded) {rF+ Regen+ Str-3 Dex+6 Stlth-}
   (You bought it in a shop in a bazaar)

   Str:       It affects your strength (-3).
   Dex:       It affects your dexterity (+6).
   rF:        It protects you from fire.
   Regen:     It increases your rate of health regeneration.
   Stlth:     It makes you less stealthy.
 U - a +2 helmet of intelligence (worn)
   (You found it on level 2 of the Lair of Beasts)
 Z - a +1 barding (worn)
   (You took it off a yaktaur on level 2 of the Vaults)
Jewellery
 b - the ring of Gour Dod {rF+ Will+ Str+3}
   (You found it on level 1 of the Swamp)

   [ring of protection from fire]

   Str:       It affects your strength (+3).
   rF:        It protects you from fire.
   Will:      It increases your willpower.
 m - the ring of Somacw (right hand) {+Blink rElec AC+4 Int+3}
   (You bought it in a shop on level 1 of the Depths)

   [ring of protection]

   AC:        It affects your AC (+4).
   Int:       It affects your intelligence (+3).
   rElec:     It insulates you from electricity.
   +Blink:    It lets you blink.
 p - a ring of protection from cold (left hand)
   (You found it on level 2 of the Lair of Beasts)
 A - a ring of positive energy
   (You found it on level 2 of the Spider Nest)
 K - an amulet of the acrobat (around neck)
   (You found it on level 1 of the Lair of Beasts)
Talismans
 g - a blade talisman
   (You found it on level 4 of the Vaults)
 j - a dragon-blood talisman
   (You bought it in a shop on level 1 of the Depths)
 r - a maw talisman
   (You took it off Rupert on level 5 of the Lair of Beasts)
Wands
 a - a wand of digging (14)
   (You found it on level 4 of the Dungeon)
 e - a wand of acid (5)
   (You found it on level 4 of the Spider Nest)
 k - a wand of roots (39)
   (You took it off Maurice on level 9 of the Dungeon)
 N - a wand of mindburst (12)
   (You found it on level 3 of the Lair of Beasts)
 Q - a wand of flame (48)
   (You found it on level 4 of the Lair of Beasts)
 R - a wand of polymorph (11)
   (You found it on level 1 of the Lair of Beasts)
 W - a wand of paralysis (36)
   (You found it on level 13 of the Dungeon)
Scrolls
 f - 3 scrolls of fear
 i - 5 scrolls of fog
 l - 5 scrolls of immolation
 s - 8 scrolls of revelation
 t - 8 scrolls of teleportation
 y - a scroll of silence
 z - 5 scrolls of blinking
 D - 3 scrolls of torment
 F - 6 scrolls of poison
 H - 7 scrolls of vulnerability
Potions
 c - 3 potions of cancellation
 d - 3 potions of might
 h - 2 potions of haste
 n - a potion of resistance
 o - 3 potions of enlightenment
 q - 10 potions of curing
 u - 8 potions of mutation
 v - 5 potions of attraction
 w - a potion of heal wounds
 G - 2 potions of magic
 M - 2 potions of lignification
 O - 10 potions of ambrosia
 X - 3 potions of invisibility
Miscellaneous
 E - a phial of floods
   (You found it on level 11 of the Dungeon)


   Skills:
 + Level 16.8 Fighting
 - Level 1.7 Polearms
 - Level 12.0 Throwing
 - Level 11.0 Armour
 - Level 11.4 Shields
 + Level 17.2 Unarmed Combat
 - Level 12.0 Evocations
 + Level 15.2 Shapeshifting


You had 21 spell levels left.
You didn't know any spells.
Your spell library contained the following spells:

 Spells                   Type           Power      Damage    Failure   Level
 Apportation              Tloc           0%         N/A       54%         1
 Foxfire                  Conj/Fire      0%         2x1d4     54%         1
 Magic Dart               Conj           0%         1d3       54%         1
 Shock                    Conj/Air       0%         1d3       54%         1
 Slow                     Hex            0%         N/A       54%         1
 Cigotuvi's Dreadful Rot  Necr/Pois/Air  0%         N/A       69%         2
 Ensorcelled Hibernation  Hex/Ice        0%         N/A       69%         2
 Lesser Beckoning         Tloc           0%         N/A       69%         2
 Passwall                 Tmut/Erth      0%         N/A       69%         2
 Static Discharge         Conj/Air       0%         2-2/arc   69%         2
 Confusing Touch          Hex            0%         N/A       89%         3
 Dazzling Flash           Conj/Hex       0%         N/A       89%         3
 Gell's Gravitas          Tloc           0%         N/A       89%         3
 Ignite Poison            Fire/Tmut/Pois 0%         N/A       89%         3
 Mephitic Cloud           Conj/Pois/Air  0%         N/A       89%         3
 Stone Arrow              Conj/Erth      0%         3d7       89%         3
 Swiftness                Air            0%         N/A       89%         3
 Teleport Other           Tloc           0%         N/A       89%         3
 Vampiric Draining        Necr           0%         2d6       89%         3
 Vhi's Electric Charge    Tloc/Air       0%         N/A       89%         3
 Volatile Blastmotes      Fire/Tloc      0%         2d10      89%         3
 Airstrike                Air            0%         2d(0-16)  100%        4
 Cause Fear               Hex            0%         N/A       100%        4
 Dispel Undead            Necr           0%         3d6       100%        4
 Leda's Liquefaction      Hex/Erth       0%         N/A       100%        4
 Passage of Golubria      Tloc           0%         N/A       100%        4
 Sticky Flame             Conj/Fire      0%         2d3       100%        4
 Alistair's Intoxication  Tmut/Pois      0%         N/A       100%        5
 Arcjolt                  Conj/Air       0%         1d10      100%        5
 Borgnjor's Vile Clutch   Necr/Erth      0%         N/A       100%        5
 Fireball                 Conj/Fire      0%         3d3       100%        5
 Iskenderun's Battlesphe  Conj           0%         2d6       100%        5
 Lee's Rapid Deconstruct  Erth           0%         3d4*      100%        5
 Silence                  Hex/Air        0%         N/A       100%        5
 Leda's Unmaking          Conj/Erth      0%         9d1       100%        6
 Plasma Beam              Fire/Air       0%         2x1d10    100%        6
 Starburst                Conj/Fire      0%         6d3       100%        6
 Orb of Destruction       Conj           0%         9d5       100%        7
 Lehudib's Crystal Spear  Conj/Erth      0%         10d2      100%        8
 Maxwell's Capacitive Co  Air            0%         ∞         100%        8
 Chain Lightning          Conj/Air       0%         N/A       100%        9
 Fire Storm               Conj/Fire      0%         5d1       100%        9
 Shatter                  Erth           0%         3d5*      100%        9
 Summon Guardian Golem    Hex/Summ       Unusable   N/A       N/A         3
 Animate Armour           Summ/Erth      Unusable   N/A       N/A         4
 Animate Dead             Necr           Unusable   N/A       N/A         4
 Death Channel            Necr           Unusable   N/A       N/A         6
 Haunt                    Necr/Summ      Unusable   N/A       N/A         7
 Spellforged Servitor     Conj/Summ      Unusable   N/A       N/A         7
 Dragon's Call            Summ           Unusable   N/A       N/A         9

Dungeon Overview and Level Annotations

Branches:
Dungeon (15/15) Zot: 23428  Temple (0/1) D:6            Lair (5/5) D:10 Zot: 18703
  Swamp (4/4) Lair:2 Zot: 20188  Spider (4/4) Lair:2 Zot: 16633   Slime (0/5) Lair:5
    Orc (2/2) D:9 Zot: 10237     Elf (0/3) Orc:2        Vaults (4/5) D:14 Zot: 15328
  Crypt (0/3) Vaults:2     Depths (4/4) D:15 Zot: 18039     Zot (0/5) Depths:4
Ossuary (visited)

Altars:
Dithmenos
Elyvilon
Kikubaaqudgha
Qazlal
Ru
Sif Muna
Trog
Vehumet
Xom
Zin

Shops:
Orc:2 **?*   Vaults:1 *   Vaults:2 *=*   Vaults:3 :   Vaults:4 [   Depths:1 :=:
Depths:3 *

Portals:
Hell: Depths:1 Depths:2 Depths:3 Depths:4
Abyss: Depths:2 Depths:3
Pandemonium: Depths:2
Ziggurat: Depths:2

Annotations:
D:12 1 runed translucent door
Lair:1 2 transporters, Mirhaev's ghost, journeyman DEEE
Lair:3 exclusion: oklob plant
Lair:4 exclusion: oklob plant
Spider:4 exclusion: oklob plant
Vaults:2 1 transporter


Innate Abilities, Weirdness & Mutations

You are a creature with a mouth for a stomach.
Your midsection houses a second, enormous mouth.
Your serpentine skin is tough. (AC +7)
You have supernaturally acute eyesight. (SInv)
Armour fits poorly on your strangely shaped body.
Your system is resistant to poisons. (rPois)
You cover ground very slowly.
You can spit poison.
You cannot be stealthy.
You are hated by all.
You cannot train Dodging skill.
You are somewhat unskilled. (-1 Apt)
You are somewhat inexperienced. (-1 XL)
You can use your snake-like lower body to constrict enemies.
You have sharp fingernails.
You are weak. (Str -2)
Your spells are a little easier to cast, but a little less powerful.


Message History

You kill the neqoxec!
A balrug comes into view. It is wielding a +0 demon whip.
The ancient lich mumbles some strange words.
The ancient lich seems to speed up.
The ancient lich begins to cast a spell, but is stunned by your conviction! x2
The ancient lich begins to cast a spell, but is stunned by your conviction!
As you read the scroll of silence, it crumbles to dust.
A profound silence engulfs you.
Unknown command.
You block the ancient lich's attack. x2
A sun demon comes into view.
You pummel the ancient lich!! You grab the ancient lich.
The ancient lich is lightly damaged.
You constrict the ancient lich, but do no damage.
The ancient lich touches you but does no damage.
The ancient lich touches you!
You hit the ancient lich but do no damage.
The ancient lich is lightly damaged.
You constrict the ancient lich.
The ancient lich touches you but does no damage.
You punch the ancient lich!
The ancient lich is moderately damaged.
You constrict the ancient lich, but do no damage.
The ancient lich is stunned by your conviction and fails to attack.
You pummel the ancient lich!!
The ancient lich is heavily damaged.
You constrict the ancient lich, but do no damage.
You block the ancient lich's attack. x2
You barely miss the ancient lich. You bite the ancient lich.
The ancient lich is severely damaged.
You constrict the ancient lich!
The ancient lich is stunned by your conviction and fails to attack.
You punch the ancient lich! You bite the ancient lich!!
The ancient lich is almost destroyed.
You constrict the ancient lich!
You destroy the ancient lich!
You redirect the neqoxec's attack!
You feel the corruption within you wane somewhat.
You lose the ability to drink potions when taking damage less often.
Your system partly accepts the healing effects of potions.
You feel a little less angry. You block the neqoxec's attack.
A small abomination comes into view.
The neqoxec begins to attack, but is stunned by your conviction!
You pummel the neqoxec!! Your grab misses the neqoxec.
You bite the neqoxec, but do no damage.
The neqoxec is almost dead.
You pummel the neqoxec!!
You kill the neqoxec!
You feel the corruption within you wane somewhat.
You feel agile.
A spatial vortex comes into view.
There is an open door here.
The sun demon hits you!
You are engulfed in flames!
You are too injured to fight recklessly!
You are too injured to fight recklessly!
You closely miss the sun demon. Your grab misses the sun demon.
Your bite misses the sun demon. You block the sun demon's attack.
You punch the sun demon! You grab the sun demon.
The sun demon is moderately wounded.
You constrict the sun demon, but do no damage.
You block the small abomination's attack.
You block the sun demon's attack.
You closely miss the small abomination. You constrict the sun demon.
You block the sun demon's attack. The small abomination hits you.
You focus your inner power and illuminate the small abomination in retribution!
You punch the small abomination!
The small abomination is heavily damaged.
You constrict the sun demon. You block the sun demon's attack.
You block the small abomination's attack.
You hit the small abomination but do no damage.
You bite the small abomination!
You destroy the small abomination!
You constrict the sun demon. You block the sun demon's attack.
You feel the corruption within you wane somewhat.
You feel agile.
Your system completely accepts the healing effects of potions.
You no longer become unable to drink potions after taking damage.
You hit the sun demon but do no damage.
The sun demon is moderately wounded.
You constrict the sun demon. The sun demon barely misses you.
You squash the sun demon like an ant!!!
You kill the sun demon!
You feel the corruption within you wane completely.
You feel a little more calm.
You closely miss the balrug. You grab the balrug. You constrict the balrug.
You block the balrug's attack.
You pummel the balrug!! You bite the balrug!
The balrug is heavily wounded.
You constrict the balrug!
The balrug hits you with a +0 demon whip!!
You are engulfed in flames!!
* * * LOW HITPOINT WARNING * * *
You focus your inner power and illuminate the balrug in retribution!
You hit the balrug but do no damage. You bite the balrug!!
The balrug is almost dead.
You constrict the balrug. The balrug gestures at you.
The bolt of fire hits you!!!
You die...

.# ##....# . .## .#
.. ....... .........
. . .......##........
. .. .. .
............ # ... .
.... ......... .. ..
.. ........ # . .
....3...........
...).#######2.###....
. . .#.....W....#...
. ..#....#.....#..# .
#..........#... # ..
. #.∩........#... . .
#.......#..# .. .
#....∩.....# ..
...#..........#
.2...#..........#
....#....#... .#


You could see a balrug (corona).

Vanquished Creatures
  An ancient lich (Abyss:4)
  2 juggernauts
  Mennas (Vaults:3)
  4 caustic shrikes (Depths:4)
  4 golden dragons
  3 doom hounds (Depths:2)
  Arachne (Spider:2)
  2 tentacled monstrosities
  Rupert (Lair:5)
  A walking earthen tome (Depths:1)
  A walking divine tome (Depths:4)
  Grunn (Depths:2)
  A titan (Vaults:2)
  2 walking frostbound tomes
  An ancient champion (Depths:3)
  4 sphinxes
  2 tengu reavers
  Kirke (Lair:5)
  3 storm dragons
  3 thorn hunters
  A draconian monk (Depths:4)
  2 fire giants
  4 frost giants
  A revenant (Abyss:3)
  4 emperor scorpions
  An iron dragon (Depths:3)
  5 spectral caustic shrikes (Depths:2)
  A draconian knight (Depths:4)
  A balrug (Depths:3)
  11 vault wardens
  2 ghost moths
  A caustic shrike zombie (Depths:2)
  3 orc warlords
  A reaper (Depths:2)
  3 war gargoyles
  5 broodmothers
  14 stone giants
  11 ironbound preservers
  2 black draconians (Depths:4)
  An ophan (Abyss:4)
  9 ironbound thunderhulks
  15 very ugly things
  2 vampire knights
  5 eleionomae
  3 deep elf demonologists
  Azrael (D:15)
  A red draconian (Depths:4)
  3 purple draconians (Depths:4)
  2 dire elephants (Vaults:2)
  A yellow draconian (Depths:4)
  2 bunyips
  2 deep elf death magi (Vaults:2)
  4 spark wasps
  Josephine (D:15)
  3 crystal guardians
  3 green deaths
  2 ettins (Depths:1)
  8 yaktaur captains
  6 rakshasas
  7 fire dragons
  8 entropy weavers
  7 ice dragons
  3 vault guards
  18 hydras
  5 great orbs of eyes
  A jorogumo (Spider:4)
  2 catoblepae (Lair:5)
  A spriggan air mage (Depths:4)
  2 radroaches
  2 ogre magi
  3 ghost crabs
  12 boulder beetles
  6 peacekeepers
  2 death knights (Vaults:2)
  9 centaur warriors
  13 ironbound frosthearts
  A hell beast (Depths:3)
  8 alligators
  11 death yaks
  11 tengu warriors
  6 deep troll shamans
  4 two-headed ogres
  5 demonic crawlers
  A vampire mage (Vaults:2)
  7 thrashing horrors
  2 deep troll earth magi
  4 spriggan berserkers
  3 orc high priests (Orc:2)
  5 hell knights
  2 sun demons
  A skyshark (Lair:4)
  4 wretched stars
  5 skeletal warriors
  A spark wasp zombie (Depths:2)
  5 pharaoh ants
  43 deep trolls
  5 iron trolls
  3 sixfirhies
  A fire crab (shapeshifter) (D:14)
  A soul eater (Depths:2)
  12 orb spiders
  2 sun moths
  3 glowing orange brains
  7 swamp dragons
  9 goliath frogs
  A quicksilver dragon simulacrum (Depths:3)
  2 bog bodies
  2 flayed ghosts
  3 spriggan druids
  A spriggan simulacrum (Abyss:3)
  5 steelbarb worms
  3 phantasmal warriors
  5 necromancers
  4 lindwurms
  15 orc knights
  10 ironbound convokers
  8 wizards
  A deep elf pyromancer (D:15)
  3 orc sorcerers (Orc:2)
  28 ugly things
  A moth of wrath (Spider:4)
  27 wolf spiders
  2 will-o-the-wisps
  A shining eye (Spider:4)
  6 manticores
  16 elephants
  7 black mambas
  An apocalypse crab (Abyss:3)
  7 cyclopes
  14 vault sentinels
  Maurice (D:9)
  10 torpor snails
  2 smoke demons
  2 gargoyles
  An efreet (Abyss:3)
  2 unseen horrors
  13 rime drakes
  2 freezing wraiths
  13 cane toads
  20 yaktaurs
  4 tengu conjurers
  A spriggan skeleton (Depths:2)
  10 komodo dragons
  10 meliai
  A hellwing (Depths:2)
  2 polar bears (Lair:5)
  22 tarantellas
  8 trolls
  20 blink frogs
  A wind drake (shapeshifter) (D:14)
  11 tyrant leeches
  8 raiju
  7 hornets
  Sigmund (D:2)
  36 slime creatures
  3 shadows
  32 jumping spiders
  8 spriggans
  16 culicivoras
  2 ynoxinuls
  12 wraiths
  A centaur simulacrum (D:14)
  18 yaks
  4 large abominations
  4 basilisks
  A vampire (D:14)
  3 fire elementals (D:15)
  A human (Lair:5)
  2 wyverns
  5 hogs (Lair:5)
  6 steam dragons (Lair:2)
  5 neqoxecs
  64 redbacks
  28 vampire mosquitoes
  3 chaos spawn
  2 wargs (Orc:2)
  21 swamp worms
  4 acid dragons (Spider:4)
  A floating eye (Depths:1)
  10 water moccasins
  A meliai simulacrum (D:14)
  6 hell hounds (D:15)
  2 sky beasts
  A hornet zombie (D:7)
  19 orc warriors
  9 swamp drakes
  An ice beast (D:7)
  5 black bears
  2 ogres
  5 centaurs (D:13)
  2 boggarts (Vaults:2)
  11 wolves
  A phantom (D:6)
  8 bullfrogs
  A kobold brigand (D:6)
  3 gnoll sergeants
  6 small abominations
  5 scorpions
  4 water moccasin zombies (Ossuary)
  7 wights
  A killer bee (shapeshifter) (Depths:3)
  13 killer bees
  6 howler monkeys
  An electric eel (Spider:3)
  2 lava snakes (D:15)
  A bullfrog zombie (D:7)
  A quasit (Abyss:3)
  A centaur zombie (D:7)
  6 hounds
  9 jellies
  2 gnoll boudas (D:8)
  19 orc priests
  2 iron imps
  Jessica (D:2)
  An iguana (D:6)
  23 orc wizards
  5 hell rats
  3 killer bee zombies (D:7)
  3 mummies
  2 howler monkey zombies (D:7)
  24 gnolls
  4 river rats (Lair:5)
  9 adders
  A shadow imp (D:7)
  3 white imps
  An ufetubus (D:4)
  5 adder zombies (Ossuary)
  2 worms (D:2)
  A dart slug (D:1)
  64 orcs
  7 bats
  9 endoplasms
  3 giant cockroaches
  4 gnoll zombies (Ossuary)
  9 goblins
  4 hobgoblins
  11 kobolds
  3 quokkas
  9 ball pythons
  A frilled lizard (D:3)
  A goblin zombie (D:5)
  6 hobgoblin zombies
  3 kobold zombies (Ossuary)
  5 orc zombies (Ossuary)
  12 rats
  A lurking horror (Abyss:4)
1499 creatures vanquished.

Vanquished Creatures (others)
  A caustic shrike (Depths:4)
  A tentacled starspawn (Abyss:4)
  A broodmother (Spider:4)
  A formless jellyfish (Vaults:1)
  A dire elephant (Vaults:2)
  A fire dragon (Depths:4)
  A hydra (Swamp:1)
  A spriggan air mage (Depths:1)
  A deep troll shaman (Lair:5)
  A pharaoh ant (Spider:4)
  A goliath frog (Swamp:4)
  A deep troll (Depths:2)
  A swamp dragon (Swamp:4)
  2 lindwurms (Vaults:1)
  An orc knight (Vaults:3)
  A wolf spider (Spider:4)
  An elephant (Lair:5)
  A moth of wrath (Spider:4)
  A rime drake (Lair:2)
  A komodo dragon (Lair:2)
  4 bloated husks
  A tyrant leech (Swamp:4)
  A hornet (Depths:4)
  A troll (D:11)
  A tarantella (Spider:1)
  5 jumping spiders
  2 slime creatures
  2 culicivoras
  A yak (Lair:5)
  A spriggan (Depths:4)
  2 steam dragons (Lair:2)
  A warg (Orc:2)
  A small abomination (Abyss:3)
  An orc priest (Orc:2)
  5 orcs
  4 foxfires (Swamp:1)
54 creatures vanquished.

Grand Total: 1553 creatures vanquished

Notes
Turn   | Place    | Note
-------+----------+-------------------------------------------
     0 | D:1      | Flugkiller the Naga Shapeshifter began the quest for the
                  | Orb.
     0 | D:1      | Reached XP level 1. HP: 18/18 MP: 1/1
   188 | D:1      | Reached XP level 2. HP: 22/26 MP: 2/2
   542 | D:1      | Reached XP level 3. HP: 33/33 MP: 3/3
   803 | D:2      | Found a faded altar of an unknown god.
   907 | D:2      | Noticed Jessica
   917 | D:2      | Killed Jessica
   918 | D:2      | Reached XP level 4. HP: 19/42 MP: 4/4
  1166 | D:2      | Noticed Sigmund
  1175 | D:2      | HP: 2/42 [Sigmund/+0 scythe (2)]
  1330 | D:2      | Killed Sigmund
  1331 | D:2      | Reached skill level 4 in Unarmed Combat
  1331 | D:2      | Reached XP level 5. HP: 50/50 MP: 5/5
  1331 | D:2      | Reached XP level 6. HP: 57/57 MP: 6/6
  2236 | D:3      | Found a shimmering altar of Xom.
  2820 | D:4      | Reached XP level 7. HP: 51/66 MP: 7/7
  2924 | D:4      | Reached skill level 5 in Fighting
  2957 | D:4      | Found a shadowy altar of Dithmenos.
  2966 | D:4      | Found a shimmering blue altar of Sif Muna.
  2980 | D:4      | Found a sacrificial altar of Ru.
  2995 | D:4      | Found a stormy altar of Qazlal.
  3318 | D:4      | Became a worshipper of Ru the Awakened
  3334 | D:5      | Entered Level 5 of the Dungeon
  3337 | D:5      | Found a sand-covered staircase.
  3341 | D:5      | Reached skill level 5 in Unarmed Combat
  3616 | Ossuary  | Entered an ossuary
  3864 | Ossuary  | Reached XP level 8. HP: 57/76 MP: 8/8
  4173 | D:5      | Found a glowing silver altar of Zin.
  4235 | D:5      | Reached skill level 1 in Polearms
  4250 | D:5      | Reached skill level 5 in Shapeshifting
  4534 | D:5      | Gained mutation: You are hated by all. [Ru sacrifice]
  4534 | D:5      | Reached * piety under Ru
  4534 | D:5      | Reached ** piety under Ru
  4737 | D:5      | Found a white marble altar of Elyvilon.
  4752 | D:5      | Reached skill level 1 in Armour
  5445 | D:6      | Found a staircase to the Ecumenical Temple.
  5517 | D:6      | Reached XP level 9. HP: 60/86 MP: 9/9
  7344 | D:7      | Gained mutation: You are somewhat inexperienced. (-1 XL)
                  | [Ru sacrifice]
  7344 | D:7      | Reached XP level 8. HP: 67/81 MP: 8/8
  7344 | D:7      | Reached *** piety under Ru
  7520 | D:7      | Reached skill level 5 in Armour
  7538 | D:7      | Reached XP level 9. HP: 50/88 MP: 9/9
  8608 | D:8      | Noticed a two-headed ogre
  9100 | D:8      | Reached skill level 10 in Fighting
  9219 | D:9      | Found a bloodstained altar of Trog.
  9230 | D:9      | Found an ancient bone altar of Kikubaaqudgha.
  9891 | D:9      | Found a staircase to the Orcish Mines.
 10050 | D:9      | Gained mutation: You are somewhat unskilled. (-1 Apt) [Ru
                  | sacrifice]
 10050 | D:9      | Reduced skill Polearms to level 1
 10050 | D:9      | Reduced skill Stealth to level 1
 10050 | D:9      | Reduced skill Unarmed Combat to level 4
 10050 | D:9      | Reached **** piety under Ru
 10227 | D:9      | Noticed Maurice
 10234 | D:9      | Killed Maurice
 10310 | D:9      | Noticed a boulder beetle
 10342 | D:9      | Killed a boulder beetle
 10343 | D:9      | Reached skill level 5 in Dodging
 10343 | D:9      | Reached skill level 5 in Armour
 10343 | D:9      | Reached XP level 10. HP: 55/99 MP: 10/10
 10474 | D:10     | Entered Level 10 of the Dungeon
 10852 | D:10     | Found a staircase to the Lair.
 11656 | D:11     | Noticed a boulder beetle
 11955 | D:10     | Killed a boulder beetle
 11956 | D:10     | Reached skill level 10 in Fighting
 11956 | D:10     | Reached skill level 1 in Evocations
 12292 | D:11     | Gained mutation: You have sharp fingernails. [potion of
                  | mutation]
 12292 | D:11     | Gained mutation: Your spells are a little easier to cast,
                  | but a little less powerful. [potion of mutation]
 12292 | D:11     | Gained mutation: You are weak. (Str -2) [potion of
                  | mutation]
 12301 | D:11     | Noticed a manticore
 12315 | D:11     | Killed a manticore
 12465 | D:11     | Noticed a cyclops
 12471 | D:11     | Killed a cyclops
 12472 | D:11     | Reached skill level 5 in Unarmed Combat
 13121 | D:11     | Noticed a two-headed ogre
 13129 | D:11     | Killed a two-headed ogre
 13130 | D:11     | Reached skill level 6 in Unarmed Combat
 13306 | Lair:1   | Entered Level 1 of the Lair of Beasts
 13884 | Lair:1   | Reached skill level 7 in Unarmed Combat
 13978 | Lair:1   | Gained mutation: You cannot train Dodging skill. [Ru
                  | sacrifice]
 13978 | Lair:1   | Reached ***** piety under Ru
 14027 | Lair:1   | Reached XP level 11. HP: 91/108 MP: 11/11
 14173 | Lair:1   | Reached skill level 8 in Unarmed Combat
 14567 | Lair:1   | Noticed Mirhaev's ghost (journeyman DEEE)
 14596 | Lair:1   | Found a transporter.
 14673 | Lair:1   | Reached skill level 1 in Shields
 14901 | Lair:1   | Found a transporter.
 15109 | Lair:2   | Found a staircase to the Swamp.
 15568 | Lair:2   | Noticed a death yak
 15568 | Lair:2   | Noticed a death yak
 15580 | Lair:2   | Noticed a death yak
 15581 | Lair:2   | Noticed a death yak
 15583 | Lair:2   | Killed a death yak
 15583 | Lair:2   | Noticed a death yak
 15584 | Lair:2   | Reached skill level 9 in Unarmed Combat
 15596 | Lair:2   | Found a hole to the Spider Nest.
 15635 | Lair:2   | Noticed a five-headed hydra
 15987 | Lair:3   | Killed a death yak
 16027 | Lair:3   | Reached skill level 10 in Unarmed Combat
 16487 | Lair:3   | Reached skill level 5 in Shields
 17516 | Lair:4   | Gained mutation: You cannot be stealthy. [Ru sacrifice]
 17516 | Lair:4   | Reached ****** piety under Ru
 17520 | Lair:4   | Noticed a boulder beetle
 17530 | Lair:4   | Killed a boulder beetle
 17531 | Lair:4   | Reached skill level 5 in Evocations
 17531 | Lair:4   | Reached XP level 12. HP: 41/110 MP: 3/12
 18696 | Lair:4   | Identified a scroll of acquirement
 18708 | Lair:4   | Reached skill level 11 in Unarmed Combat
 19193 | Lair:5   | Entered Level 5 of the Lair of Beasts
 20093 | Lair:4   | Reached skill level 12 in Unarmed Combat
 20337 | Lair:5   | Found a staircase to the Slime Pits.
 20471 | Lair:5   | Noticed Rupert
 20478 | Lair:5   | Killed Rupert
 20816 | Lair:5   | Gained mutation: You can use your snake-like lower body to
                  | constrict enemies. [Naga growth]
 20816 | Lair:5   | Reached XP level 13. HP: 73/123 MP: 7/13
 21035 | Lair:5   | Noticed Kirke
 21049 | Lair:5   | Killed Kirke
 23689 | D:12     | Identified the +0 scale mail of Entitlement {-Tele Int+5}
 24153 | D:12     | Found a runed translucent door.
 24157 | D:12     | Noticed a balrug
 25513 | D:13     | Reached XP level 14. HP: 105/135 MP: 14/14
 26471 | D:14     | Identified the +0 leather armour of the Moon {Fly rN+++
                  | Str-3 Stlth-}
 27577 | D:14     | Found a gate to the Vaults.
 27765 | D:14     | Noticed a sphinx
 27779 | D:14     | Killed a sphinx
 28390 | D:15     | Entered Level 15 of the Dungeon
 28688 | D:15     | Noticed Azrael
 28691 | D:15     | Killed Azrael
 29349 | D:15     | Noticed Josephine
 29373 | D:15     | Killed Josephine
 29677 | D:15     | Reached skill level 13 in Unarmed Combat
 29839 | D:15     | Found a staircase to the Depths.
 30199 | D:15     | Found a radiant altar of Vehumet.
 30258 | D:15     | Found a stormy altar of Qazlal.
 30960 | Orc:1    | Entered Level 1 of the Orcish Mines
 31249 | Orc:2    | Entered Level 2 of the Orcish Mines
 31284 | Orc:2    | Found a staircase to the Elven Halls.
 31367 | Orc:2    | Found a flickering gateway to a bazaar.
 31370 | Bazaar   | Entered a bazaar
 31370 | Bazaar   | Found Eriureico's Weapon Boutique.
 31370 | Bazaar   | Found Pameminn's Antique Weapon Shop.
 31370 | Bazaar   | Found Cuiq's Armour Shop.
 31384 | Bazaar   | Bought the +6 troll leather armour of the Iron City of Dis
                  | {rF+ Regen+ Str-3 Dex+6 Stlth-} for 894 gold pieces
 31604 | Orc:2    | Reached XP level 15. HP: 145/148 MP: 15/15
 32170 | Orc:2    | Found Jaggonuq's Assorted Antiques.
 32170 | Orc:2    | Found Gotoggeq's Assorted Antiques.
 32172 | Orc:2    | Found Nekhuhoi's Magic Scroll Shoppe.
 32172 | Orc:2    | Found Ugiridau's Assorted Antiques.
 32186 | Orc:2    | Bought a knobbly emerald ring for 165 gold pieces
 32187 | Orc:2    | Bought a scroll of enchant armour for 97 gold pieces
 32189 | Orc:2    | Bought a wand of roots (4) for 249 gold pieces
 32189 | Orc:2    | Bought a scroll of teleportation for 78 gold pieces
 32517 | Spider:1 | Entered Level 1 of the Spider Nest
 32656 | Spider:1 | Reached skill level 1 in Throwing
 32728 | Spider:1 | Got the Commentary on the Dragon
 33435 | Spider:1 | Reached skill level 14 in Unarmed Combat
 34566 | Spider:2 | Noticed Arachne
 34584 | Spider:2 | Killed Arachne
 35246 | Spider:3 | Reached skill level 10 in Evocations
 35948 | Spider:3 | Reached XP level 16. HP: 135/159 MP: 16/16
 36509 | Spider:4 | Entered Level 4 of the Spider Nest
 36756 | Spider:4 | Reached skill level 15 in Unarmed Combat
 38790 | Spider:4 | Got a gossamer rune of Zot
 38974 | Lair:2   | Reached skill level 16 in Unarmed Combat
 39466 | Swamp:1  | Entered Level 1 of the Swamp
 39687 | Swamp:1  | Identified the ring of Gour Dod {rF+ Will+ Str+3}
 39749 | Swamp:1  | Reached XP level 17. HP: 147/166 MP: 17/17
 40563 | Swamp:2  | You fall into a shaft and drop 1 floor!
 40568 | Swamp:3  | Reached skill level 17 in Unarmed Combat
 40597 | Swamp:3  | Reached skill level 5 in Throwing
 41568 | Swamp:4  | Entered Level 4 of the Swamp
 41927 | Swamp:4  | Reached skill level 10 in Throwing
 42425 | Swamp:4  | Got a decaying rune of Zot
 42811 | Vaults:1 | Entered Level 1 of the Vaults
 42811 | Vaults:1 | Found Gayfoijo's General Store.
 43193 | Vaults:1 | Paralysed by a formless jellyfish for 1 turns
 43198 | Vaults:1 | Paralysed by a formless jellyfish for 1 turns
 43371 | Vaults:1 | Reached skill level 15 in Fighting
 43837 | Vaults:1 | Reached XP level 18. HP: 74/142 MP: 14/18
 45032 | Vaults:2 | Found Mop Zejidgh's Jewellery Emporium.
 45261 | Vaults:2 | Found Degur's General Store.
 45290 | Vaults:2 | Found a transporter.
 45291 | Vaults:2 | Found a shimmering blue altar of Sif Muna.
 46138 | Vaults:2 | Found Juuze's General Store.
 46158 | Vaults:2 | Found a staircase to the Crypt.
 46593 | Vaults:2 | Reached skill level 10 in Shields
 47174 | Vaults:3 | Reached XP level 19. HP: 88/165 MP: 12/19
 47333 | Vaults:3 | Noticed Mennas
 47347 | Vaults:3 | Killed Mennas
 47641 | Vaults:3 | Found Faqaakha's Book Emporium.
 48307 | Vaults:4 | Found Ytumemn's Armour Shop.
 49293 | Vaults:4 | Reached skill level 10 in Armour
 50100 | Depths:1 | Entered Level 1 of the Depths
 50496 | Depths:1 | Found a gateway to Hell.
 50540 | Depths:1 | Paralysed by a floating eye for 3 turns
 50930 | Depths:1 | Reached XP level 20. HP: 107/192 MP: 20/20
 50953 | Depths:1 | Reached skill level 10 in Shapeshifting
 51166 | Depths:1 | Identified the +5 trident of Annoyance {freeze, Int+3}
 51214 | Depths:1 | Found Durauxahil's Book Boutique.
 51216 | Depths:1 | Found Ywupnol's Jewellery Shoppe.
 51217 | Depths:1 | Found Giczotof's Book Boutique.
 51224 | Depths:1 | Acquired 771 gold pieces
 51228 | Depths:1 | Bought the ring of Somacw {+Blink rElec AC+4 Int+3} for
                  | 1266 gold pieces
 51528 | Depths:2 | Found a one-way gate to the infinite horrors of the Abyss.
 51529 | Depths:2 | Found a one-way gateway to a ziggurat.
 51953 | Depths:2 | Noticed a golden dragon
 51972 | Depths:2 | Killed a golden dragon
 52133 | Depths:2 | Noticed a golden dragon
 52149 | Depths:2 | Killed a golden dragon
 52153 | Depths:2 | Noticed a juggernaut
 52167 | Depths:2 | Killed a juggernaut
 52335 | Depths:2 | Found a one-way gate leading to the halls of Pandemonium.
 52471 | Depths:2 | Noticed Grunn
 52488 | Depths:2 | Killed Grunn
 52741 | Depths:2 | Got the Directory of Exhalation
 52742 | Depths:2 | Identified the +2 flail "Zeamad" {heavy, Drain rPois rN++}
 52746 | Depths:2 | Got the Catalogue of Impulse and Lamentation
 53111 | Depths:3 | Found Wyleo's Overcharged Wands.
 53763 | Depths:4 | Entered Level 4 of the Depths
 53776 | Depths:4 | Reached XP level 21. HP: 205/205 MP: 21/21
 53822 | Depths:4 | Found a gate to the Realm of Zot.
 53822 | Depths:4 | Noticed a golden dragon
 53822 | Depths:4 | Noticed a golden dragon
 53834 | Depths:4 | Killed a golden dragon
 53835 | Depths:4 | Killed a golden dragon
 54113 | Depths:4 | Reached XP level 22. HP: 197/207 MP: 22/22
 54305 | Depths:4 | Noticed a caustic shrike
 54309 | Depths:4 | Noticed a caustic shrike
 54309 | Depths:4 | Noticed a caustic shrike
 54312 | Depths:4 | Noticed a caustic shrike
 54314 | Depths:4 | Killed a caustic shrike
 54314 | Depths:4 | Killed a caustic shrike
 54316 | Depths:4 | Killed a caustic shrike
 54319 | Depths:4 | Killed a caustic shrike
 54362 | Depths:4 | Noticed a caustic shrike
 54370 | Depths:4 | Killed a caustic shrike
 54371 | Depths:4 | Reached skill level 15 in Shapeshifting
 54510 | Depths:4 | Noticed a juggernaut
 54523 | Depths:4 | Killed a juggernaut
 54968 | Depths:1 | Bought a dragon-blood talisman for 1600 gold pieces
 55339 | Depths:2 | Voluntarily entered the Abyss.
 55376 | Abyss:3  | Found a corrupted altar of Lugonu.
 55415 | Abyss:3  | Found a corrupted altar of Lugonu.
 55711 | Abyss:4  | Found a corrupted altar of Lugonu.
 55731 | Depths:2 | Escaped the Abyss
 55745 | Depths:2 | Voluntarily entered the Abyss.
 55897 | Abyss:4  | Noticed an ancient lich
 55926 | Abyss:4  | Killed an ancient lich
 55944 | Abyss:4  | Killed from afar by a balrug

Illustrated notes

Levels and vault maps discovered:
D:1:      heliophobic_arrival_enchanted_forest, layout_loops_ring
D:2:      minmay_chambers_of_ones, layout_basic, basic_ecumenical_altar,
          uniq_jessica, uniq_sigmund
D:3:      layout_loops_ring, old_standard_altar
D:4:      layout_basic, grunt_temple_overflow_cloverleaf
D:5:      layout_basic, lemuel_crystal_altar, nicolae_overflow_crystal_walls,
          nicolae_ossuary_entry_giza, minmay_misc_feat_roman, minmay_manual_mess
D:6:      layout_basic, minmay_temple_entry_crystal_x
D:7:      layout_gridville, nicolae_yredelemnul_corpse_copse, minivault_23
D:8:      layout_rooms, mainiacjoe_overflow_alcove_1
D:9:      layout_gridville, kiku_gazebo_pond_becter, lemuel_crystal_altar,
          david_orc_2, uniq_maurice
D:10:     layout_irregular_city, lair_entry_dummy
D:11:     layout_basic
D:12:     dreamdust_dug_too_deep, layout_layer_cave
D:13:     layout_gridville
D:14:     layout_loops_corners, david_vaults_1, minmay_curled_crystal,
          hangedman_corner_corridor
D:15:     grunt_enter_depths_hoard, layout_basic, fiery_altar_vehumet,
          grunt_qazlal_sundering, uniq_azrael, uniq_josephine
Lair:1:   layout_roguey, gammafunk_ghost_hive, lemuel_fruit_fields
Lair:2:   layout_small_grid, skrybe_swamp_entry_bodies,
          spider_nest_entry_rubble, bobbens_dragon_lair_wall
Lair:3:   layout_roguey, ldierk_geyser, lemuel_oklob_altar, grunt_megastairs_1,
          lemuel_fruit_tree, infiniplex_staircase_pool_2
Lair:4:   layout_loops_ring, serial_bayou_shore_a, lemuel_fruit_fields
Lair:5:   grunt_lair_end_beastmaster, layout_regular_city,
          nicolae_slime_entry_slimehenge, st_stairs_4,
          kennysheep_abandoned_house, serial_bayou_shore_b, uniq_rupert,
          uniq_kirke, uniq_nessos
Swamp:1:  layout_basic_swamp, nicolae_swamp_small_spring, swamp_pool5,
          nicolae_swamp_trees_clearing
Swamp:2:  layout_basic_swamp, evilmike_swamp_ruin_house_3, swamp_pool3,
          infiniplex_staircase_pool
Swamp:3:  layout_basic_swamp, evilmike_swamp_ruin_wall, nicolae_swamp_oxbows
Swamp:4:  swamp, layout_basic_swamp
Spider:1: layout_spider_delve, nicolae_spider_nooks_and_crannies
Spider:2: layout_spider_delve, uniq_arachne
Spider:3: layout_spider_delve
Spider:4: hellmonk_spider_rune_endless_swarm, nicolae_spider_acid_house
Orc:1:    layout_caves
Orc:2:    grunt_orc_tribal_feast, layout_diamond_mine, serial_shops,
          bzr_in_the_mist
Vaults:1: portal_desolation_entry_twin_temple, nicolae_vaults_closet_pinwheel_6,
          nicolae_vaults_shipping_containers_1,
          nicolae_vaults_ring_of_whatevers, v_misc_26,
          nicolae_vaults_yaktaur_gun_rack, vaults_room_fours,
          layout_vaults_omnigrid, serial_shops, shop
Vaults:2: nicolae_vaults_mini_display_case, nicolae_vaults_storage_closets_1,
          v_pattern_3, nicolae_vaults_tangram_2, ontoclasm_vaults_hangar,
          nicolae_vaults_doubleplus_tesselated, gammafunk_sealed_library,
          minmay_crypt_entry_simple_box, nicolae_vaults_diagonal_hallway_7,
          nicolae_vaults_mitosis, nicolae_vaults_storage_room_water,
          nicolae_vaults_tetromino_Z_2, vaults_dpeg_encased_lava,
          layout_vaults_big_cross, serial_shops, nicolae_shop_hallway_stairs,
          shop, nicolae_shop_back_alley_shop
Vaults:3: serial_ice_b, vaults_room_octagon, v_misc_17, nicolae_vaults_six-pack,
          v_misc_12, nicolae_vaults_storage_closets_3,
          vaults_mumra_chevron_long, vaults_room_grid,
          nicolae_vaults_tetromino_Z_1, vaults_dpeg_diagonal,
          hangedman_vaults_stitches, nicolae_vaults_shrinking_rooms_2,
          nicolae_vaults_angled_halls, hangedman_vaults_corner_blocks,
          hangedman_vaults_trim, vaults_dpeg_ring, ontoclasm_vaults_misaligned,
          layout_vaults_omnibox, serial_shops, nicolae_shop_behind_doors,
          uniq_mennas
Vaults:4: grunt_vaults_twisty, nicolae_vaults_double_plus_1,
          ontoclasm_vaults_shout, nicolae_vaults_taking_the_gang_shopping,
          nicolae_vaults_more_shelving_1, v_misc_16, v_misc_28,
          nicolae_vaults_closet_pinwheel_4, v_misc_3, layout_vaults_chaotic_city
Depths:1: layout_basic, hell_entry, serial_sigils_hangedman_gut,
          onia_ninara_cookie, minmay_shop_grove, serial_bayou_shore_b
Depths:2: minmay_strange_plus, layout_gridville, enter_ziggurat_a,
          nrook_mini_vaults, grunt_pan_entry_sceptre, pf_hell_entry_tar_river,
          abyss_entry, uniq_grunn
Depths:3: nicolae_cairo_tiling_large_dashed, layout_gridville,
          grunt_mini_vestibule, abyss_entry, hangedman_decor_diamond_cutter,
          nicolae_shop_overcharged_wands
Depths:4: grunt_x_marks_the_spot, layout_long_grid, hell_entry,
          chequers_serial_rivers_micro_d, reono_crystal_passage,
          minmay_variable_closet
Abyss:4:  base: D:10, minivault_23, evilmike_abyss_exit_plants,
          bh_abyss_exit_choice, hangedman_stitches_earthworm,
          hangedman_abyss_or_decor_slice, hangedman_abyss_or_decor_passed,
          lemuel_flamethrower_hall, base: Vaults:1, spicy_abyss_rude_harpoons,
          evilmike_abyss_exit_16

Skill      XL: |  1  2  3  4  5  6  7  8  9 10 11 12 13 14 15 16 17 18 19 20 21 22 |
---------------+-------------------------------------------------------------------+-----
Fighting       | 2 3 4 6 7 9 10 11 13 14 15 16 | 16.8
Unarmed Combat | 4 5 4 7 10 12 13 14 16 17 | 17.2
Stealth        | 2 1 0 |  0.0
Shapeshifting  | 4 5 6 7 8 9 13 14 15 | 15.2
Polearms       | 2 1 |  1.7
Armour         | 5 5 7 8 11 | 11.0
Dodging        | 5 0 |  0.0
Evocations     | 4 5 7 10 12 | 12.0
Shields        | 5 6 10 11 | 11.4
Throwing       | 4 11 12 | 12.0

Action                     |  1- 3 |  4- 6 |  7- 9 | 10-12 | 13-15 | 16-18 | 19-21 | 22-24 || total
---------------------------+-------+-------+-------+-------+-------+-------+-------+-------++-------
  Melee: Unarmed           |    63 |   119 |   158 |   494 |  1752 |  1664 |   830 |   292 ||  5372
         Punch             |       |     4 |    24 |     6 |       |       |   105 |    18 ||   157
         Spear             |       |       |   177 |       |       |       |       |       ||   177
         Trident           |       |       |   307 |   294 |       |       |       |       ||   601
         Constrict         |       |       |       |       |   270 |   285 |   132 |    70 ||   757
         Maw               |       |       |       |       |       |       |       |    52 ||    52
  Throw: Dart              |       |       |       |       |     1 |     1 |       |       ||     2
         Boomerang         |       |       |       |       |       |    11 |       |       ||    11
 Invoke: Sacrifice Love    |       |       |     1 |       |       |       |       |       ||     1
         Sacrifice Experie |       |       |     1 |       |       |       |       |       ||     1
         Draw Out Power    |       |       |     3 |     8 |     4 |     1 |     1 |       ||    17
         Power Leap        |       |       |     1 |     5 |     9 |    16 |     2 |       ||    33
         Sacrifice Skill   |       |       |     1 |       |       |       |       |       ||     1
         Sacrifice Nimblen |       |       |       |     1 |       |       |       |       ||     1
         Apocalypse        |       |       |       |     4 |     7 |    12 |     7 |     3 ||    33
         Sacrifice Stealth |       |       |       |     1 |       |       |       |       ||     1
Ability: Spit Poison       |     3 |     4 |    13 |    16 |     1 |       |       |       ||    37
  Evoke: Wand              |       |       |       |     6 |     7 |    11 |     1 |       ||    25
         Phial of floods   |       |       |       |     1 |     1 |       |     1 |       ||     3
    Use: Scroll            |       |     6 |    13 |     6 |    11 |     6 |    12 |     1 ||    55
         Potion            |       |     4 |     9 |     5 |     5 |     8 |     2 |       ||    33
   Stab: Distracted        |       |       |     3 |     5 |     7 |    15 |     5 |     3 ||    38
         Invisible         |       |       |     4 |    11 |    36 |    31 |     3 |     2 ||    87
         Sleeping          |       |       |       |     1 |       |       |       |       ||     1
         Paralysed         |       |       |       |    13 |     8 |    31 |    26 |    12 ||    90
         Petrifying        |       |       |       |     1 |     2 |       |       |       ||     3
         Petrified         |       |       |       |       |     1 |       |       |       ||     1
         Confused          |       |       |       |       |       |     2 |       |       ||     2
 Armour: Plate armour      |    37 |    79 |   259 |       |       |       |       |       ||   375
         Skin              |       |     3 |       |       |     1 |       |       |    69 ||    73
         Ring mail         |       |       |    82 |   193 |    38 |       |       |       ||   313
         Troll leather arm |       |       |     1 |       |   447 |   918 |   430 |    97 ||  1893
         Leather armour    |       |       |       |       |   397 |       |       |       ||   397
  Dodge: Dodged            |    11 |    16 |   183 |   298 |   649 |   651 |   245 |    70 ||  2123
  Block: Buckler           |       |       |       |   113 |   454 |   332 |       |       ||   899
         Kite shield       |       |       |       |       |       |   194 |    43 |       ||   237
         Tower shield      |       |       |       |       |       |       |   114 |   165 ||   279
         Form:             |       |       |       |     1 |     3 |       |       |       ||     4
         Maw               |       |       |       |       |     2 |       |       |     1 ||     3
         Anaconda          |       |       |       |       |     1 |       |       |       ||     1
         Beast             |       |       |       |       |     1 |       |       |       ||     1
         Blade             |       |       |       |       |       |       |     1 |     2 ||     3
         Dragon            |       |       |       |       |       |       |       |     1 ||     1

Table legend: (Time is in decaauts)
 A = Elapsed time spent in this place.
 B = Non-inter-level travel time spent in this place.
 C = Inter-level travel time spent in this place.
 D = Time resting spent in this place.
 E = Time spent auto-exploring this place.
 F = Levels seen in this place.
 G = Mean time per level.
                   A        B        C        D        E       F      G
               +--------+--------+--------+--------+--------+-----+--------+
         Total |  66721 |  62276 |   4445 |  18061 |  29836 |  45 | 1482.7 |
       Dungeon |  26589 |  24502 |   2087 |   8081 |  12335 |  15 | 1772.6 |
          Lair |  11296 |  10683 |    613 |   3926 |   4362 |   5 | 2259.2 |
         Swamp |   3812 |   3635 |    177 |    465 |   2204 |   4 |  953.0 |
   Spider Nest |   7366 |   7135 |    231 |   2260 |   2557 |   4 | 1841.5 |
  Orcish Mines |   1762 |   1609 |    153 |    146 |    957 |   2 |  881.0 |
        Vaults |   8671 |   7840 |    831 |   1490 |   4592 |   4 | 2167.8 |
        Depths |   5960 |   5610 |    350 |   1381 |   2734 |   4 | 1490.0 |
         Abyss |    714 |    714 |      0 |     21 |      0 |   5 |  142.8 |
        Bazaar |     34 |     34 |      0 |      0 |      0 |   1 |   34.0 |
       Ossuary |    514 |    514 |      0 |    289 |     92 |   1 |  514.0 |
               +--------+--------+--------+--------+--------+-----+--------+

Top non-repeatable levels by time:
  Lair:4: 3078 daAuts
    D:15: 3053 daAuts
  Lair:5: 2702 daAuts
    D:12: 2633 daAuts
    D:14: 2541 daAuts
Spider:3: 2476 daAuts
Depths:1: 2439 daAuts
Vaults:2: 2435 daAuts
Vaults:1: 2420 daAuts
     D:6: 2298 daAuts
    D:10: 2268 daAuts
Vaults:3: 1942 daAuts
Spider:4: 1912 daAuts
  Lair:1: 1909 daAuts
Spider:1: 1893 daAuts
